AoeStats
← JUST GIVE UP784

Arena

504731017Analyzed
1v1 RM · 25d ago on Sep 6, 2026· 45m 55s· 2 players
Game mode
Random Map
Map size
Tiny (2 player)
Population
200
Speed
Normal
Resources
Standard
Victory
Conquest
Starting age
Dark Age
Ending age
Imperial Age
RankedLock teamsTeams togetherTeam positionsShared explorationLock speedFull tech treeHidden civsTurbo modeCheats
Victory
Defeat
🇫🇷 Berbers · France
238
+10
🇬🇧 Huns · United Kingdom
94
-10
JUST GIVE UP784
11:24 Loom
13:46 Feudal Age
14:54 Man-at-Arms
15:50 Forging
18:10 Double-Bit Axe
18:21 Gold Mining
18:30 Stone Mining
19:35 Horse Collar
25:29 Castle Age
24:08 Scale Mail Armor
25:49 Wheelbarrow
27:30 Long Swordsman
28:55 Hand Cart
28:26 Town Watch
ForkSakeJake
0:54 Loom
14:20 Feudal Age
16:34 Wheelbarrow
17:37 Town Watch
19:52 Horse Collar
20:39 Gold Mining
20:40 Double-Bit Axe
22:45 Stone Mining
24:00 Man-at-Arms
Connection lost

Rejoining the realm…

Still unreachable

The connection could not be restored.

Session expired

The server has moved on; the page needs a fresh start.